 Dungeon Sprint DCSS version 0.30.1-11-g7821555f0a (webtiles) character file.

Game seed: 2327477444216230284

25326 Heoruswealwe the Minotaur Porcupine (level 12, -2/134 HPs)
             Began as a Minotaur Fighter on Nov 14, 2023.
             Was an Initiate of Gozag.
             Slain by an ettin
             ... wielding a +0 dire flail
              (21 damage)
             ... in the Dungeon (Sprint IX: "|||||||||||||||||||||||||||||").
             The game lasted 00:28:01 (2785 turns).

Heoruswealwe the Minotaur Porcupine (MiFi)          Turns: 2785, Time: 00:28:02

Health: -2/134     AC: 29    Str: 25    XL:     12   Next: 88%
Magic:  11/11      EV:  8    Int:  5    God:    Gozag
Gold:   915        SH:  5    Dex: 14    Spells: 11/11 levels left

rFire   + + .        a - +8 trishula "Condemnation" {holy, anguish, *Noise Fly rN+}
rCold   . . .        d - +0 buckler
rNeg    + . .        c - +2 plate armour
rPois   .            (helmet restricted)
rElec   .            h - +0 cloak
rCorr   .            f - +1 pair of gloves {Dex+3}
SInv    .            e - +1 pair of boots
Will    .....        (no amulet) Stlth
                     k - ring of protection from fire
HPRegen 0.42/turn    j - ring of protection from fire
MPRegen 0.12/turn

%: no teleportation
@: gold aura, flying, studying Dodging
A: horns 2, retaliatory headbutt
a: Renounce Religion, Potion Petition, Call Merchant, Bribe Branch


You were in the Dungeon.
You worshipped Gozag.
Gozag was pleased with you.
You visited 1 branch You collected 10121 gold pieces.
You spent 6054 gold pieces at shops.
You paid 3152 gold pieces to Gozag.

Inventory:

Hand Weapons
 a - the +8 trishula "Condemnation" (weapon) {holy, anguish, *Noise Fly rN+}
   (You bought it in a shop in the Dungeon)

   rN:        It protects you from negative energy.
   Fly:       It grants you flight.
   *Noise:    It may make noises in combat.
 b - a +0 bardiche
Armour
 c - a +2 plate armour (worn)
 d - a +0 buckler (worn)
 e - a +1 pair of boots (worn)
 f - a +1 pair of gloves of dexterity (worn)
 h - a +0 cloak (worn)
Jewellery
 j - a ring of protection from fire (right hand)
 k - a ring of protection from fire (left hand)
Wands
 l - a wand of quicksilver (10)
 r - a wand of roots (11)
 B - a wand of polymorph (3)
Scrolls
 o - 6 scrolls of enchant weapon
 p - 4 scrolls of enchant armour
 y - 4 scrolls of identify
 z - a scroll of silence
 A - 5 scrolls of blinking
Potions
 g - 4 potions of haste
 i - a potion of resistance
 m - 4 potions of curing
 n - 2 potions of might
 s - a potion of mutation
 t - 3 potions of cancellation
Miscellaneous
 u - a box of beasts
 w - a tin of tremorstones (2/2)
 D - a piece from Xom's chessboard (15/15)


   Skills:
 + Level 20.8 Fighting
 O Level 27 Polearms
 + Level 20.8 Armour
 - Level 3.6 Shields


You had 11 spell levels left.
You didn't know any spells.
Your spell library was empty.

Dungeon Overview and Level Annotations

Branches:
Dungeon (1/1)

Altars:
Cheibriados
Dithmenos
Elyvilon
Fedhas
Gozag
Hepliaklqana
Kikubaaqudgha
Makhleb
Nemelex Xobeh
Okawaru
Qazlal
Ru
Sif Muna
Trog
Uskayaw
Vehumet
Wu Jian
Xom
Yredelemnul
Zin
The Shining One
Jiyva
Lugonu

Shops:
D *(**:!!


Innate Abilities, Weirdness & Mutations

You have a pair of horns on your head.
You reflexively headbutt those who attack you in melee.


Message History

* * * LOW HITPOINT WARNING * * *
You puncture the stone giant!
The stone giant is haunted by guilt!
The stone giant is lightly wounded.
You bump into the unnaturally hard rock wall.
The stone giant barely misses you.
The stone giant throws a large rock.
The large rock hits you!
* * * LOW HITPOINT WARNING * * *
The stone giant is wracked by anguish!
You bump into the unnaturally hard rock wall.
The stone giant hits you but does no damage.
You puncture the stone giant!
The stone giant is moderately wounded.
The stone giant hits you.
* * * LOW HITPOINT WARNING * * *
The stone giant is wracked by anguish.
You hit the stone giant. You headbutt the stone giant!
The stone giant is heavily wounded.
You feel less invigorated.
You feel less confused. The stone giant barely misses you.
You puncture the stone giant! You headbutt the stone giant.
The stone giant is heavily wounded.
You puncture the stone giant! You headbutt the stone giant!
The stone giant is severely wounded.
The stone giant hits you but does no damage.
You impale the stone giant!!
You kill the stone giant!
You hit the ettin.
The ettin is haunted by guilt!
The trishula "Condemnation" chants a divine warrior-psalm.
The ettin is lightly wounded.
You impale the ettin!!
The ettin is heavily wounded.
The ettin hits you with a +0 dire flail!
* * * LOW HITPOINT WARNING * * *
The ettin is wracked by anguish!
The ettin hits you but does no damage.
You hit the ettin.
The ettin is severely wounded.
The ettin hits you with a +0 dire flail!!
You die...
Your body crumbles into a pile of gold.

▓.▓.▓∩▓.▓.▓.▓.▓
▓.▓.▓.▓.▓.▓.▓.▓
▓.▓.▓∩▓.▓'▓.▓.▓
▓.▓.▓.▓.▓(▓.▓.▓
▓.▓.▓∩▓)▓(▓.▓.▓
▓.▓.▓.▓.▓.▓.▓)▓
▓$▓.▓∩▓.▓.▓.▓.▓
▓C▓.▓.▓.▓.▓.▓.▓
▓@▓.▓∩▓.▓.▓.▓.▓
▓$▓.▓.▓.▓.▓.▓.▓
▓$▓.▓∩▓.▓.▓.▓=▓
▓$▓.▓.▓.▓.▓.▓[▓
▓$▓.▓.▓.▓.▓.▓)▓
▓$▓.▓.▓.▓.▓.▓?▓
▓'▓.▓.▓.▓.▓.▓!▓
▓$▓.▓)▓.▓'▓.▓'▓
▓.▓.▓)▓.▓.▓.▓_▓


You could see an ettin (anguished).

Vanquished Creatures
  A frost giant (D)
  2 very ugly things (D)
  2 stone giants (D)
  Harold (D)
  Josephine (D)
  A hydra (D)
  2 ogre magi (D)
  A deep troll shaman (D)
  2 centaur warriors (D)
  A death yak (D)
  6 two-headed ogres (D)
  Erica (D)
  Sonja (D)
  A skyshark (D)
  A skeletal warrior (D)
  3 orc knights (D)
  2 ugly things (D)
  A deep elf pyromancer (D)
  2 elephants (D)
  Joseph (D)
  A cane toad (D)
  A komodo dragon (D)
  A yaktaur (D)
  2 blink frogs (D)
  4 tyrant leeches (D)
  5 wraiths (D)
  2 wyverns (D)
  2 basilisks (D)
  5 yaks (D)
  An acid dragon (D)
  3 water moccasins (D)
  10 orc warriors (D)
  6 ogres (D)
  A centaur (D)
  3 bullfrogs (D)
  2 kobold brigands (D)
  A scorpion (D)
  4 orc priests (D)
  A sleepcap (D)
  4 orc wizards (D)
  A white imp (D)
  An ufetubus (D)
  4 worms (D)
  6 orcs (D)
  A ball python (D)
  A bat (D)
  A frilled lizard (D)
  2 rats (D)
109 creatures vanquished.

Vanquished Creatures (others)
  A death knight (D)
1 creature vanquished.

Grand Total: 110 creatures vanquished

Notes
Turn   | Place    | Note
-------+----------+-------------------------------------------
     0 | D        | Heoruswealwe the Minotaur Fighter began the quest for the
                  | Orb.
     0 | D        | Reached XP level 1. HP: 19/19 MP: 0/0
     6 | D        | Reached skill level 3 in Polearms
    18 | D        | Noticed an orc priest
    18 | D        | Noticed a sleepcap
    18 | D        | Noticed a scorpion
    20 | D        | Reached skill level 4 in Polearms
    20 | D        | Reached XP level 2. HP: 28/28 MP: 1/1
    31 | D        | Killed a scorpion
    32 | D        | Reached skill level 5 in Fighting
    32 | D        | Reached skill level 7 in Polearms
    32 | D        | Reached skill level 5 in Armour
    32 | D        | Reached XP level 3. HP: 33/37 MP: 2/2
    36 | D        | Reached XP level 4. HP: 33/45 MP: 3/3
    46 | D        | Reached skill level 8 in Polearms
    52 | D        | Found a snail-covered altar of Cheibriados.
    52 | D        | Found a shadowy altar of Dithmenos.
    52 | D        | Found a white marble altar of Elyvilon.
    52 | D        | Found a blossoming altar of Fedhas.
    52 | D        | Found an opulent altar of Gozag.
    53 | D        | Found a hazy altar of Hepliaklqana.
    54 | D        | Found a viscous altar of Jiyva.
    55 | D        | Found an ancient bone altar of Kikubaaqudgha.
    56 | D        | Found a corrupted altar of Lugonu.
    57 | D        | Found a burning altar of Makhleb.
    58 | D        | Found a sparkling altar of Nemelex Xobeh.
    59 | D        | Found an iron altar of Okawaru.
    60 | D        | Found a stormy altar of Qazlal.
    62 | D        | Became a worshipper of Gozag Ym Sagoz the Greedy
    64 | D        | Found a sacrificial altar of Ru.
    65 | D        | Found a shimmering blue altar of Sif Muna.
    66 | D        | Found a bloodstained altar of Trog.
    67 | D        | Found a hide-covered altar of Uskayaw.
    68 | D        | Found a radiant altar of Vehumet.
    69 | D        | Found an ornate altar of the Wu Jian Council.
    70 | D        | Found a shimmering altar of Xom.
    71 | D        | Found a basalt altar of Yredelemnul.
    72 | D        | Found a glowing silver altar of Zin.
    73 | D        | Found a glowing golden altar of the Shining One.
   136 | D        | Noticed a yak
   136 | D        | Noticed a wyvern
   136 | D        | Noticed a kobold brigand
   136 | D        | Noticed a wyvern
   136 | D        | Noticed a kobold brigand
   136 | D        | Noticed a yak
   141 | D        | Killed a yak
   142 | D        | Reached skill level 10 in Polearms
   142 | D        | Reached XP level 5. HP: 32/53 MP: 4/4
   146 | D        | Reached skill level 11 in Polearms
   146 | D        | Reached XP level 6. HP: 31/62 MP: 5/5
   148 | D        | Killed a wyvern
   149 | D        | Reached skill level 12 in Polearms
   154 | D        | Reached XP level 7. HP: 33/71 MP: 6/6
   157 | D        | Killed a wyvern
   158 | D        | Reached skill level 10 in Fighting
   158 | D        | Reached skill level 13 in Polearms
   158 | D        | Reached skill level 10 in Armour
   164 | D        | Killed a yak
   165 | D        | Reached skill level 14 in Polearms
   314 | D        | Noticed a skeletal warrior
   314 | D        | Noticed a centaur warrior
   314 | D        | Noticed a five-headed hydra
   321 | D        | Killed a nine-headed hydra
   322 | D        | Reached skill level 15 in Polearms
   322 | D        | Reached XP level 8. HP: 65/83 MP: 7/7
   324 | D        | Reached skill level 16 in Polearms
   326 | D        | Killed a centaur warrior
   327 | D        | Reached skill level 17 in Polearms
   327 | D        | Reached XP level 9. HP: 54/92 MP: 8/8
   339 | D        | HP: 4/138 [skeletal warrior/+0 scimitar (18)]
   340 | D        | Killed a skeletal warrior
   341 | D        | Reached skill level 18 in Polearms
   613 | D        | Noticed a komodo dragon
   635 | D        | Noticed a skyshark
   643 | D        | Noticed a cane toad
   645 | D        | Killed a komodo dragon
   659 | D        | Reached skill level 19 in Polearms
   672 | D        | Killed a skyshark
   673 | D        | Reached XP level 10. HP: 31/104 MP: 9/9
   674 | D        | Killed a cane toad
   870 | D        | Noticed a death yak
   870 | D        | Noticed an elephant
   876 | D        | Reached skill level 20 in Polearms
   880 | D        | Noticed an elephant
   882 | D        | Killed an elephant
   883 | D        | Reached skill level 15 in Fighting
   883 | D        | Reached skill level 15 in Armour
   891 | D        | Killed a death yak
   910 | D        | Reached skill level 21 in Polearms
   910 | D        | Killed an elephant
  1274 | D        | Noticed Erica
  1283 | D        | Killed Erica
  1284 | D        | Reached skill level 22 in Polearms
  1284 | D        | Reached XP level 11. HP: 73/115 MP: 10/10
  1434 | D        | Noticed Joseph
  1446 | D        | Killed Joseph
  1482 | D        | Noticed Harold
  1483 | D        | Noticed Sonja
  1493 | D        | Killed Harold
  1507 | D        | Killed Sonja
  1824 | D        | Noticed an orc knight
  1824 | D        | Noticed an orc knight
  1835 | D        | Killed an orc knight
  1835 | D        | Noticed an orc knight
  1836 | D        | Reached skill level 23 in Polearms
  1841 | D        | Killed an orc knight
  1859 | D        | Killed an orc knight
  2101 | D        | Found Qipneam's Distillery.
  2101 | D        | Noticed a two-headed ogre
  2101 | D        | Noticed a two-headed ogre
  2101 | D        | Noticed a two-headed ogre
  2103 | D        | Noticed a two-headed ogre
  2109 | D        | Killed a two-headed ogre
  2116 | D        | Killed a two-headed ogre
  2117 | D        | Reached skill level 24 in Polearms
  2123 | D        | Killed a two-headed ogre
  2125 | D        | Killed a two-headed ogre
  2134 | D        | Noticed a two-headed ogre
  2144 | D        | Killed a two-headed ogre
  2147 | D        | Found Jodace's Distillery.
  2151 | D        | Found Heppusm's Book Boutique.
  2155 | D        | Found Niegawog's Magic Scroll Shop.
  2158 | D        | Noticed a two-headed ogre
  2177 | D        | Killed a two-headed ogre
  2178 | D        | Reached XP level 12. HP: 75/128 MP: 11/11
  2180 | D        | Reached skill level 25 in Polearms
  2182 | D        | Noticed an ogre mage
  2193 | D        | Paralysed by an ogre mage for 5 turns
  2202 | D        | Killed an ogre mage
  2330 | D        | Bought a potion of haste for 100 gold pieces
  2330 | D        | Bought a potion of mutation for 80 gold pieces
  2330 | D        | Bought a potion of cancellation for 80 gold pieces
  2330 | D        | Bought a potion of curing for 30 gold pieces
  2330 | D        | Bought a potion of attraction for 30 gold pieces
  2330 | D        | Bought a potion of heal wounds for 50 gold pieces
  2330 | D        | Bought a potion of curing for 30 gold pieces
  2332 | D        | Bought a potion of curing for 42 gold pieces
  2332 | D        | Bought a potion of curing for 42 gold pieces
  2332 | D        | Bought 2 potions of haste for 280 gold pieces
  2332 | D        | Bought a potion of flight for 42 gold pieces
  2332 | D        | Bought 2 potions of cancellation for 224 gold pieces
  2332 | D        | Bought a potion of curing for 42 gold pieces
  2332 | D        | Bought a potion of ambrosia for 112 gold pieces
  2334 | D        | Bought a manual of Dodging for 960 gold pieces
  2336 | D        | Bought a scroll of enchant weapon for 82 gold pieces
  2336 | D        | Bought a scroll of identify for 22 gold pieces
  2336 | D        | Bought a scroll of silence for 104 gold pieces
  2336 | D        | Bought a scroll of blinking for 82 gold pieces
  2336 | D        | Bought a scroll of fear for 44 gold pieces
  2336 | D        | Bought a scroll of immolation for 44 gold pieces
  2336 | D        | Bought a scroll of blinking for 82 gold pieces
  2336 | D        | Bought a scroll of identify for 22 gold pieces
  2365 | D        | Bought a box of beasts for 520 gold pieces
  2365 | D        | Bought a tin of tremorstones (2/2) for 520 gold pieces
  2365 | D        | Bought a scroll of vulnerability for 52 gold pieces
  2365 | D        | Bought a scroll of identify for 26 gold pieces
  2368 | D        | Bought a wand of polymorph (3) for 75 gold pieces
  2368 | D        | Bought a scroll of enchant weapon for 135 gold pieces
  2368 | D        | Bought a potion of curing for 54 gold pieces
  2374 | D        | Bought the +8 trishula "Condemnation" {holy, anguish,
                  | *Noise Fly rN+} for 1201 gold pieces
  2374 | D        | Found the +8 trishula "Condemnation" {holy, anguish, *Noise
                  | Fly rN+}
  2377 | D        | Bought a potion of curing for 78 gold pieces
  2377 | D        | Bought a piece from Xom's chessboard (15/15) for 520 gold
                  | pieces
  2377 | D        | Bought a scroll of identify for 52 gold pieces
  2377 | D        | Bought a pair of runed gloves for 195 gold pieces
  2493 | D        | Noticed Josephine
  2509 | D        | Killed Josephine
  2692 | D        | Noticed a centaur warrior
  2692 | D        | Noticed a death knight
  2699 | D        | Noticed an ogre mage
  2707 | D        | Noticed a frost giant
  2711 | D        | Noticed a purple very ugly thing
  2715 | D        | HP: 6/130 [death knight/+4 great sword of flaming (1)]
  2715 | D        | Killed a death knight
  2719 | D        | Noticed a cyan very ugly thing
  2724 | D        | Killed a centaur warrior
  2725 | D        | Reached skill level 26 in Polearms
  2729 | D        | Noticed a deep troll shaman
  2737 | D        | Killed a frost giant
  2742 | D        | Killed a purple very ugly thing
  2742 | D        | Noticed a stone giant
  2744 | D        | Noticed a stone giant
  2748 | D        | Noticed an ettin
  2756 | D        | Killed a cyan very ugly thing
  2761 | D        | Killed a deep troll shaman
  2762 | D        | Reached skill level 27 in Polearms
  2763 | D        | Killed an ogre mage
  2765 | D        | HP: 3/133 [stone giant (24)]
  2767 | D        | HP: 1/133 [stone giant (21)]
  2771 | D        | Killed a stone giant
  2782 | D        | Killed a stone giant
  2785 | D        | Slain by an ettin

Illustrated notes

Levels and vault maps discovered:
D:        linesprint [early_d, line_temple, items_1, d_10, items_2, lair_1,
          lair_end, items_3, orc_1, orc_end, items_4, d_15, swamp_1, shoals_1,
          snake_1, spider_1, d_20, vaults_1, items_5, swamp_end, shoals_end,
          snake_end, spider_end, vaults_end, d_27, items_6, zot_1, zot_end,
          crypt_end, forest_end, elf_end, slime_end, tomb_end, abyss_end,
          pan_hell_end]

Skill      XL: |  1  2  3  4  5  6  7  8  9 10 11 12 |
---------------+-------------------------------------+-----
Polearms       | 4 7 10 11 12 15 17 19 22 24 27 | 27.0
Fighting       | 4 5 6 8 9 11 12 14 16 18 20 | 20.8
Armour         | 4 5 6 8 9 11 12 14 16 18 20 | 20.8
Shields        | |  3.6

Action                     |  1- 3 |  4- 6 |  7- 9 | 10-12 || total
---------------------------+-------+-------+-------+-------++-------
  Melee: Trident           |    22 |    10 |       |       ||    32
         Headbutt          |     5 |     2 |    20 |    75 ||   102
         Halberd           |       |    15 |    82 |   219 ||   316
         Trishula          |       |       |       |    82 ||    82
 Invoke: Call Merchant     |       |       |       |     4 ||     4
    Use: Potion            |     2 |     2 |     2 |    20 ||    26
   Stab: Distracted        |       |       |     2 |     4 ||     6
 Armour: Scale mail        |     8 |     2 |       |       ||    10
         Chain mail        |       |     2 |    34 |    42 ||    78
         Plate armour      |       |       |       |    56 ||    56
  Dodge: Dodged            |     5 |     4 |    28 |    61 ||    98
  Block: Buckler           |     3 |     1 |       |     1 ||     5
